 Dungeon Crawl Stone Soup version 0.25-a0-1137-g7f6bfe439b (webtiles) character file.

Game seed: 12362616648427668642, levelgen mode: deterministic

9 Esekla the Charmwright (level 2, 0/16 HPs)
             Began as a Deep Elf Skald on May 23, 2020.
             Succumbed to an adder's poison
             ... on level 1 of the Dungeon.
             The game lasted 00:01:45 (204 turns).

Esekla the Charmwright (Deep Elf Skald)              Turns: 204, Time: 00:01:45

Health: 0/16       AC:  3    Str:  8    XL:     2   Next: 3%
Magic:  17/17      EV: 12    Int: 17    God:
Gold:   0          SH:  0    Dex: 14    Spells: 6/7 levels left

rFire    . . .     SeeInvis .   a - +0 falchion
rCold    . . .     Gourm    .   (no shield)
rNeg     . . .     Faith    .   b - +0 leather armour
rPois    .         Spirit   .   (no helmet)
rElec    .         Reflect  .   (no cloak)
rCorr    .         Harm     .   (no gloves)
MR       .....                  (no boots)
Stlth    +.........             (no amulet)
HPRegen  0.05/turn              f - ring of magical power
MPRegen  0.15/turn              (no ring)

@: lethally poisoned (0 -> -10), infused, very slightly contaminated, invisible
A: no striking features
a: no special abilities


You were on level 1 of the Dungeon.
You were not hungry.

You visited 1 branch of the dungeon, and saw 2 of its levels.

Inventory:

Hand Weapons
 a - a +0 falchion (weapon)
Armour
 b - a +0 leather armour (worn)
Jewellery
 f - a ring of magical power (left hand)
Comestibles
 d - a ration


   Skills:
 - Level 1.5 Fighting
 * Level 2.1 Long Blades
 - Level 0.7 Armour
 * Level 2.8 Dodging
 + Level 3.2 Spellcasting
 - Level 4.4 Charms


You had 6 spell levels left.
You knew the following spells:

 Your Spells              Type           Power        Failure   Level  Hunger
a - Infusion              Chrm           ###.         4%          1    None

Your spell library contained the following spells:

 Spells                   Type           Power        Failure   Level  Hunger
 Song of Slaying          Chrm           ###.....     6%          2    ##.....
 Shroud of Golubria       Chrm/Tloc      ##....       14%         2    ##.....
 Ozocubu's Armour         Chrm/Ice       ##......     28%         3    ###....
 Spectral Weapon          Hex/Chrm       ##......     28%         3    ###....


Dungeon Overview and Level Annotations

Branches:
Dungeon (2/15)

Altars:


Message History

You kill the adder!
Your Long Blades skill increases to level 2!
You have reached level 2!
You feel sick.
There is a lethal amount of poison in your body!
Okay, then.
You aren't carrying any scrolls.
It was a potion of invisibility.
You fade into invisibility!
* * * LOW HITPOINT WARNING * * *
You feel sick.
You are very lightly contaminated with residual magic.
It was a potion of magic.
Magic courses through your body.
* * * LOW HITPOINT WARNING * * *
You feel sick.
* * * LOW HITPOINT WARNING * * *
You feel sick.
* * * LOW HITPOINT WARNING * * *
You feel sick.
You die...

.##.#.##..##.##..#.##....#
....#.#.####.###.#.#.##..#
#####.##.##.###.##..######
....##..####...######
..#..###########>...###
#..#..................#
##.#############......#
#+# #......# #@.....#
##......# #.......#
#...........#
####..#.....# ....(.####
.#.###.# ..#. .# g. #. )#


There were no monsters in sight!

Vanquished Creatures
  An adder (D:1)
1 creature vanquished.

Notes
Turn   | Place    | Note
-------+----------+-------------------------------------------
     0 | D:1      | Esekla the Deep Elf Skald began the quest for the Orb.
     0 | D:1      | Reached XP level 1. HP: 12/12 MP: 6/6
   198 | D:1      | Reached XP level 2. HP: 6/16 MP: 8/8
   204 | D:1      | Succumbed to an adder's poison

Illustrated notes

Levels and vault maps discovered:
D:1:      dpeg_arrival_signposts, layout_basic, minmay_misc_feat_more_columns
D:2:      layout_rooms, minmay_pentomino_x4

Skill      XL: |  1 |
---------------+----+-----
Long Blades    | 2 |  2.1
Fighting       | |  1.5
Armour         | |  0.7
Dodging        | |  2.8
Spellcasting   | |  3.2
Charms         | |  4.4

Action                   || total
-------------------------++-------
Melee: Falchion          ||     4
 Cast: Infusion          ||     1
  Use: Potion            ||     2
Dodge: Dodged            ||     3
       Rpst.: Falchion   ||     1

Table legend:
 A = Non-vault XP
 B = Vault XP
 C = Vault XP percentage of total XP
 D = Non-vault monster count
 E = Vault monster count
 F = Vault count percentage of total count
                 A         B        C        D         E       F
            +---------+---------+-------+---------+---------+-------
      Total |      13 |       0 |   0.0 |       1 |       0 |   0.0
            +---------+---------+-------+---------+---------+-------
        D:1 |      13 |       0 |   0.0 |       1 |       0 |   0.0
            +---------+---------+-------+---------+---------+-------
